 Dungeon Crawl Stone Soup version 0.28-a0-172-g787e458d71 (webtiles) character file.

Game seed: 9006631134433253594

282 bande the Covered (level 6, -7/38 HPs)
             Began as a Gargoyle Fighter on Aug 17, 2021.
             Mangled by an ogre (23 damage)
             ... on level 4 of the Dungeon.
             The game lasted 00:05:35 (3624 turns).

bande the Covered (Gargoyle Fighter)                Turns: 3624, Time: 00:05:36

Health: -7/38      AC: 16    Str: 20    XL:     6   Next: 28%
Magic:  6/6        EV:  5    Int:  9    God:
Gold:   139        SH:  8    Dex: 10    Spells: 5/5 levels left

rFire   . . .      SeeInvis .   m - +2 hand axe (flame)
rCold   . . .      Faith    .   c - +0 kite shield
rNeg    + . .      Spirit   .   n - +0 chain mail
rPois   ∞          Reflect  .   (no helmet)
rElec   +          Harm     .   o - +0 cloak
rCorr   .          Rampage  .   g - +0 pair of gloves
Will    .....                   (no boots)
Stlth   ..........              (no amulet)
HPRegen 0.12/turn               (no ring)
MPRegen 0.10/turn               (no ring)

@: no status effects
A: sickness immunity, AC +4, negative energy resistance 1, electricity
resistance, torment resistance 1, petrification resistance
a: no special abilities


You were on level 4 of the Dungeon.
You visited 1 branch of the dungeon, and saw 4 of its levels.

You collected 153 gold pieces.
You spent 14 gold pieces at shops.

Inventory:

Hand Weapons
 a - a +1 war axe
 m - a +2 hand axe of flaming (weapon)
Armour
 c - a +0 kite shield (worn)
 g - a +0 pair of gloves (worn)
 n - a +0 chain mail (worn)
 o - a +0 cloak (worn)
Scrolls
 b - a scroll of brand weapon {unknown}
Potions
 d - a potion of might
 e - 2 potions of curing
 f - 2 potions of flight
 h - a potion of heal wounds
 i - a potion of haste {unknown}
 k - a potion of magic {unknown}
 l - a potion of mutation {unknown}


   Skills:
 + Level 4.2 Fighting
 + Level 3.8 Axes
 + Level 4.5 Armour
 + Level 1.0 Dodging
 + Level 4.2 Shields


You had 5 spell levels left.
You didn't know any spells.
Your spell library contained the following spells:

 Spells                   Type           Power      Damage    Failure   Level
 Ensorcelled Hibernation  Hex/Ice        0%         N/A       100%        2
 Spider Form              Tmut/Pois      0%         N/A       100%        3
 Shadow Creatures         Summ           N/A        N/A       100%        6


Dungeon Overview and Level Annotations

Branches:
Dungeon (4/15)
 Temple: D:4-7

Altars:

Shops:
D:2 !


Innate Abilities, Weirdness & Mutations

You are immune to sickness and miasma.
Your stone body is resilient. (AC +4)
You are immune to poison.
You resist negative energy. (rN+)
You are resistant to electric shocks. (rElec)
You are resistant to unholy torment.
You are immune to petrification.


Message History

As you read the scroll of identify, it crumbles to dust.
f - 2 potions of flight
As you read the scroll labelled POG ATOBBOEPI, it crumbles to dust.
It is a scroll of enchant weapon.
Your +0 war axe glows red for a moment.
Your +2 hand axe of flaming bursts into flame!
m - a +2 hand axe of flaming (weapon)
Found a robe.
No target in view!
Found a robe.
You see here a +0 robe.
b - a scroll labelled IHOUCU VEDICHE No target in view!
No target in view!
As you read the scroll labelled IHOUCU VEDICHE, it crumbles to dust.
You assume a fearsome visage.
Nothing appears to happen.
It was a scroll of fear.
You now have 139 gold pieces (gained 12).
b - a scroll labelled XUCZOA BUESCH
Found a robe.
A goblin comes into view. It is wielding a +0 club.
The goblin shouts!
A goblin is nearby!
An ogre comes into view. It is wielding a +0 giant club.
The goblin hits you but does no damage.
Found 10 gold pieces.
You barely miss the goblin. The goblin hits you with a +0 club.
You hit the ogre but do no damage. You hit the goblin. You burn the goblin.
You kill the goblin!
The ogre hits you with a +0 giant club!!
Ouch! That really hurt!
You are too injured to fight recklessly!
You are too injured to fight recklessly!
Unknown command.
You closely miss the ogre. You block the ogre's attack.
You hit the ogre. You burn the ogre.
The ogre is moderately wounded.
The ogre hits you with a +0 giant club!!
Ouch! That really hurt!
You die...

.$.......#
..........
.........#
........######
#............
#............
#....).......
#.O@[......
#.#...#...# #
#...# # #...#
#...# #.#...#
#.#...#
#.#...#
#.#...#


You could see an ogre.

Vanquished Creatures
  A scorpion (D:3)
  Crazy Yiuf (D:3)
  A centaur skeleton (D:2)
  Terence (D:3)
  Natasha (thrice) (D:3)
  An adder (D:2)
  A worm (D:3)
  An orc (D:3)
  2 bats
  2 endoplasms
  A giant cockroach (D:2)
  8 goblins
  4 hobgoblins
  3 jackals (D:2)
  12 kobolds
  A quokka (D:1)
  5 ball pythons
  6 frilled lizards
  3 rats
57 creatures vanquished.

Vanquished Creatures (others)
  8 plants (D:1)
8 creatures vanquished.

Grand Total: 65 creatures vanquished

Notes
Turn   | Place    | Note
-------+----------+-------------------------------------------
     0 | D:1      | bande the Gargoyle Fighter began the quest for the Orb.
     0 | D:1      | Reached XP level 1. HP: 14/14 MP: 1/1
   237 | D:1      | Reached XP level 2. HP: 19/19 MP: 2/2
   620 | D:1      | Found a faded altar of an unknown god.
  1199 | D:2      | Reached XP level 3. HP: 24/24 MP: 3/3
  1358 | D:2      | Found Tiff's Distillery.
  1360 | D:2      | Reached XP level 4. HP: 29/29 MP: 4/4
  1367 | D:2      | Bought a potion of degeneration for 14 gold pieces
  1981 | D:3      | Noticed Terence
  1990 | D:3      | Killed Terence
  2126 | D:3      | Noticed Natasha
  2134 | D:3      | Killed Natasha
  2135 | D:3      | Reached XP level 5. HP: 30/33 MP: 5/5
  2530 | D:3      | Found a runed translucent door.
  2531 | D:3      | Noticed Crazy Yiuf
  2662 | D:3      | Noticed Natasha
  2675 | D:3      | Killed Natasha
  2887 | D:3      | Reached XP level 6. HP: 19/38 MP: 6/6
  3238 | D:3      | Noticed Natasha
  3255 | D:3      | Killed Natasha
  3256 | D:3      | Reached skill level 1 in Dodging
  3526 | D:3      | Killed Crazy Yiuf
  3624 | D:4      | Mangled by an ogre

Illustrated notes

Levels and vault maps discovered:
D:1:      lemuel_arrival_river_ford, layout_loops_ring,
          chequers_ecumenical_altar_simple, lexackson_kobold_supper
D:2:      layout_loops_ring, serial_shops, shop, minmay_statues_item,
          hangedman_decor_peaks_small
D:3:      layout_loops_cross, uniq_terence, uniq_natasha,
          uniq_crazy_yiuf_cottage
D:4:      layout_basic, minmay_temple_entry_sparse_star

Skill      XL: |  1  2  3  4  5  6 |
---------------+-------------------+-----
Axes           | 2 3 |  3.8
Fighting       | 4 |  4.2
Armour         | 4 |  4.5
Shields        | 4 |  4.2
Dodging        | 1 |  1.0

Action                   |  1- 3 |  4- 6 || total
-------------------------+-------+-------++-------
Melee: War axe           |    86 |   124 ||   210
       Hand axe          |       |     4 ||     4
  Use: Scroll            |     3 |     7 ||    10
Armor: Scale mail        |    46 |    55 ||   101
       Chain mail        |       |    41 ||    41
Dodge: Dodged            |    19 |    42 ||    61
Block: Kite shield       |    37 |    49 ||    86

Table legend: (Time is in decaauts)
 A = Elapsed time spent in this place.
 B = Non-inter-level travel time spent in this place.
 C = Inter-level travel time spent in this place.
 D = Time resting spent in this place.
 E = Time spent auto-exploring this place.
 F = Levels seen in this place.
 G = Mean time per level.
                   A        B        C        D        E       F      G
               +--------+--------+--------+--------+--------+-----+--------+
         Total |   3769 |   3713 |     56 |    664 |   2387 |   4 |  942.2 |
       Dungeon |   3769 |   3713 |     56 |    664 |   2387 |   4 |  942.2 |
               +--------+--------+--------+--------+--------+-----+--------+

Top non-repeatable levels by time:
     D:3: 1652 daAuts
     D:1: 1235 daAuts
     D:2: 827 daAuts
     D:4: 54 daAuts
